 Dungeon Crawl Stone Soup version 0.28.0-43-g3370ac3207 (webtiles) character file.

Game seed: 2029668187487359542

303 nickcage the Cudgeller (level 6, 0/52 HPs)
             Began as a Minotaur Fighter on Mar 10, 2022.
             Slain by an orc priest
             ... wielding a +0 falchion
              (5 damage)
             ... on level 4 of the Dungeon.
             The game lasted 00:04:43 (2346 turns).

nickcage the Cudgeller (Minotaur Fighter)           Turns: 2346, Time: 00:04:44

Health: 0/52       AC:  8    Str: 23    XL:     6   Next: 15%
Magic:  0/5        EV:  9    Int:  5    God:
Gold:   133        SH:  4    Dex:  9    Spells: 5/5 levels left

rFire   . . .      SeeInvis .   a - +0 flail
rCold   . . .      Faith    .   c - +0 buckler
rNeg    . . .      Spirit   +   b - +0 scale mail
rPois   .          Reflect  .   (helmet restricted)
rElec   .          Harm     .   k - +0 cloak
rCorr   .          Rampage  .   (no gloves)
Will    +....                   (no boots)
Stlth   ..........              q - amulet of guardian spirit
HPRegen 0.17/turn               i - ring of willpower
MPRegen 0.09/turn               (no ring)

@: no status effects
A: horns 2, retaliatory headbutt
a: no special abilities


You were on level 4 of the Dungeon.
You visited 1 branch of the dungeon, and saw 4 of its levels.

You collected 133 gold pieces.

Inventory:

Hand Weapons
 a - a +0 flail (weapon)
Missiles
 p - 5 poisoned darts (quivered)
Armour
 b - a +0 scale mail (worn)
 c - a +0 buckler (worn)
 k - a +0 cloak (worn)
 o - a scarf of repulsion
Jewellery
 i - a ring of willpower (left hand)
 q - an amulet of guardian spirit (around neck)
Scrolls
 h - 2 scrolls of identify {unknown}
 m - 2 scrolls of fog {unknown}
 n - a scroll of blinking {unknown}
 r - a scroll of amnesia {unknown}
Potions
 d - a potion of might
 e - a potion of lignification {unknown}
 f - a potion of berserk rage {unknown}
 g - 2 potions of heal wounds {unknown}
 j - 2 potions of flight {unknown}
 l - a potion of magic {unknown}


   Skills:
 - Level 3.8 Fighting
 - Level 0.6(4.5) Axes
 + Level 7.2(7.3) Maces & Flails
 - Level 0.5(4.4) Staves
 - Level 3.8 Armour
 - Level 0.5 Stealth
 - Level 4.0 Shields


You had 5 spell levels left.
You didn't know any spells.
Your spell library contained the following spells:

 Spells                   Type           Power      Damage    Failure   Level
 Magic Dart               Conj           0%         1d3       86%         1
 Call Imp                 Summ           0%         N/A       95%         2
 Mephitic Cloud           Conj/Pois/Air  0%         N/A       99%         3


Dungeon Overview and Level Annotations

Branches:
Dungeon (4/15)
 Temple: D:4-7

Altars:
Kikubaaqudgha
Uskayaw


Innate Abilities, Weirdness & Mutations

You have a pair of horns on your head.
You reflexively headbutt those who attack you in melee.


Message History

You block the orc warrior's attack.
You closely miss the orc warrior.
The orc warrior is heavily wounded.
The orc warrior hits you with a +0 short sword!
* * * LOW HITPOINT WARNING * * *
You hit the orc warrior but do no damage.
The orc warrior is heavily wounded.
The orc warrior hits you with a +0 short sword.
* * * LOW HITPOINT WARNING * * *
The orc warrior hits you with a +0 short sword.
* * * LOW HITPOINT WARNING * * *
You barely miss the orc warrior. Your headbutt misses the orc warrior.
The orc warrior is heavily wounded.
You block the orc warrior's attack.
You hit the orc warrior but do no damage.
The orc warrior is heavily wounded.
The orc warrior hits you with a +0 short sword.
* * * LOW HITPOINT WARNING * * *
The orc priest begins to cast a cantrip, but forgets the words!
You closely miss the orc warrior. You headbutt the orc warrior.
The orc warrior is heavily wounded.
The orc warrior hits you but does no damage.
You closely miss the orc warrior.
You headbutt the orc warrior, but do no damage.
The orc warrior is heavily wounded.
The orc warrior barely misses you. You furiously retaliate!
You headbutt the orc warrior, but do no damage.
You sock the orc warrior!
You headbutt the orc warrior, but do no damage.
The orc warrior is almost dead.
The orc warrior barely misses you.
You hit the orc warrior but do no damage.
You headbutt the orc warrior.
You kill the orc warrior!
Your Maces & Flails skill increases to level 7!
You have reached level 6!
You hit the orc priest but do no damage.
Your headbutt misses the orc priest.
The orc priest hits you with a +0 falchion.
You die...

#...# . #.... ..
#####...# ..o
........# .o..
......... o..#
........##....##
....[..o....)...
.....#o#.....##
... #@#.....# .
#.#....##
#.#.$..#
#.#....#
#.#....#
#.#....#
#.#....######.
#.#...........
#.##..........


You could see an orc priest and an orc.

Vanquished Creatures
  An orc warrior (D:4)
  A black bear (D:3)
  Jessica (D:3)
  2 adders
  2 worms (D:2)
  2 dart slugs (D:1)
  5 orcs
  5 endoplasms
  3 giant cockroaches
  10 goblins
  3 hobgoblins (D:1)
  5 jackals
  9 ball pythons
  2 bats
  3 kobolds
  3 rats
57 creatures vanquished.

Notes
Turn   | Place    | Note
-------+----------+-------------------------------------------
     0 | D:1      | nickcage the Minotaur Fighter began the quest for the Orb.
     0 | D:1      | Reached XP level 1. HP: 19/19 MP: 0/0
   259 | D:1      | Reached XP level 2. HP: 27/27 MP: 1/1
   730 | D:2      | Reached XP level 3. HP: 27/33 MP: 2/2
   784 | D:2      | Reached skill level 3 in Maces & Flails
   985 | D:2      | Found a hide-covered altar of Uskayaw.
  1113 | D:2      | Reached skill level 4 in Maces & Flails
  1320 | D:3      | Reached XP level 4. HP: 38/40 MP: 3/3
  1424 | D:3      | Noticed a black bear
  1431 | D:3      | Killed a black bear
  1432 | D:3      | Reached skill level 5 in Maces & Flails
  1432 | D:3      | Reached XP level 5. HP: 46/46 MP: 4/4
  1605 | D:3      | Found an ancient bone altar of Kikubaaqudgha.
  1794 | D:3      | Found a faded altar of an unknown god.
  1799 | D:3      | Reached skill level 6 in Maces & Flails
  1801 | D:3      | Noticed Jessica
  1824 | D:3      | Killed Jessica
  2319 | D:4      | Noticed an orc warrior
  2345 | D:4      | Killed an orc warrior
  2346 | D:4      | Reached skill level 7 in Maces & Flails
  2346 | D:4      | Reached XP level 6. HP: 4/52 MP: 1/5
  2346 | D:4      | Slain by an orc priest

Illustrated notes

Levels and vault maps discovered:
D:1:      zaba_arrival_water, layout_rooms, minmay_crystal_water,
          solitary_fountain
D:2:      layout_rooms, basic_altar
D:3:      layout_basic, lemuel_doored_altar,
          shapermc_ecumenical_altar_acropolis, minmay_misc_feat_x, uniq_jessica
D:4:      layout_basic, old_standard_altar, ebering_ghost_sewer_d, uniq_grinder,
          uniq_blork_the_orc

Skill      XL: |  1  2  3  4  5 |
---------------+----------------+-----
Shields        | 4 |  4.0
Maces & Flails | 4 5 7 |  7.2
Fighting       | |  3.8
Axes           | |  0.6
Staves         | |  0.5
Armour         | |  3.8
Stealth        | |  0.5

Action                   |  1- 3 |  4- 6 || total
-------------------------+-------+-------++-------
Melee: Flail             |    65 |    56 ||   121
       Headbutt          |    11 |    12 ||    23
Armor: Scale mail        |    20 |    17 ||    37
Dodge: Dodged            |    26 |    26 ||    52
Block: Buckler           |     8 |    12 ||    20
